 Dungeon Crawl Stone Soup version 0.27.1-35-g4d5d836560 (webtiles) character file.

Game seed: 15202498911706557908

192 Delamore the Sneak (level 5, -3/36 HPs)
             Began as an Octopode Brigand on June 21, 2022.
             Slain by a hornet zombie (9 damage)
             ... on level 4 of the Dungeon.
             The game lasted 00:03:02 (3299 turns).

Delamore the Sneak (Octopode Brigand)               Turns: 3299, Time: 00:03:02

Health: -3/36      AC:  1    Str: 11    XL:     5   Next: 71%
Magic:  5/5        EV: 14    Int: 13    God:
Gold:   256        SH:  0    Dex: 14    Spells: 4/4 levels left

rFire    . . .     SeeInvis .   m - +3 whip
rCold    . . .     Faith    .   (no shield)
rNeg     . . .     Spirit   .   (helmet restricted)
rPois    .         Reflect  .   p - amulet of regeneration
rElec    .         Harm     .   (no ring)
rCorr    .         Rampage  .   (no ring)
Will     .....                  (no ring)
Stlth    ++++......             (no ring)
HPRegen  1.12/turn              (no ring)
MPRegen  0.09/turn              (no ring)
                                (no ring)
                                (no ring)

@: no status effects
A: almost no armour, amphibious, 8 rings, camouflage 1, gelatinous body 1,
(nimble swimmer 1), tentacles
a: no special abilities


You were on level 4 of the Dungeon.
You visited 1 branch of the dungeon, and saw 4 of its levels.

You collected 256 gold pieces.

Inventory:

Hand Weapons
 a - a +2 dagger
 m - a +3 whip (weapon)
Missiles
 b - 7 poisoned darts
 c - 2 curare-tipped darts (quivered)
 o - 55 stones
Jewellery
 p - an amulet of regeneration (around mantle)
Wands
 n - a wand of flame (26)
Scrolls
 d - a scroll of fear
 e - a scroll of vulnerability
 g - a scroll of enchant weapon {unknown}
 h - 2 scrolls of teleportation
 j - a scroll of enchant armour {unknown}
 k - a scroll of noise {unknown}
Potions
 f - a potion of magic {unknown}
 i - a potion of might {unknown}
 l - a potion of heal wounds {unknown}
 q - a potion of attraction {unknown}


   Skills:
 + Level 3.4 Fighting
 - Level 2.0 Short Blades
 * Level 2.0 Maces & Flails
 - Level 3.1 Throwing
 + Level 3.0 Dodging
 - Level 5.3 Stealth


You had 4 spell levels left.
You didn't know any spells.
Your spell library was empty.

Dungeon Overview and Level Annotations

Branches:
Dungeon (4/15)
 Temple: D:4-7

Altars:
Ashenzari
Nemelex Xobeh

Shops:
D:1 :

Annotations:
D:3 1 runed translucent door, Crazy Yiuf


Innate Abilities, Weirdness & Mutations

You cannot wear most types of armour.
You are amphibious.
You can wear up to eight rings at the same time.
Your skin changes colour to match your surroundings (Stealth+).
Your rubbery body absorbs attacks. (AC +1, EV +1)
((You are camouflaged near water. (Stealth+)))
You have tentacles for arms and can constrict up to eight enemies at once.


Message History

The hornet zombie is lightly damaged.
You constrict the hornet zombie. The hornet zombie closely misses you.
You hit the hornet zombie but do no damage.
The hornet zombie is lightly damaged.
You constrict the hornet zombie, but do no damage.
The hornet zombie hits you.
You whack the hornet zombie! You squeeze the hornet zombie.
The hornet zombie is moderately damaged.
You constrict the hornet zombie. The hornet zombie hits you.
The hornet zombie closely misses you.
You hit the hornet zombie but do no damage.
The hornet zombie is moderately damaged.
You constrict the hornet zombie. The hornet zombie closely misses you.
You hit the hornet zombie.
The hornet zombie is heavily damaged.
You constrict the hornet zombie. The hornet zombie hits you.
You hit the hornet zombie but do no damage.
The hornet zombie is heavily damaged.
You constrict the hornet zombie, but do no damage.
The hornet zombie hits you.
You hit the hornet zombie.
The hornet zombie is severely damaged.
You constrict the hornet zombie. The hornet zombie hits you! x2
* * * LOW HITPOINT WARNING * * *
You are too injured to fight recklessly!
You are too injured to fight recklessly!
You are too injured to fight recklessly!
You are too injured to fight recklessly!
You are too injured to fight recklessly!
You are too injured to fight recklessly!
You are too injured to fight recklessly!
You are too injured to fight recklessly!
You are too injured to fight recklessly!
You are too injured to fight recklessly!
You are too injured to fight recklessly!
Okay, then.
Okay, then.
You release your grip on the hornet zombie.
The hornet zombie hits you!
You die...

. #.
...##############
........#.......#
................#
.............#..#
....###.####.#@.#
. #.# #.#Z.#
......# #.#
#.#..# ......#
#.# #.#..#
......# #.#
#.#^.# ......#
#.# #.#..#
......# #.#
#.#..# ......#
#.####.#..#
.)....###.#..
#..#


You could see a hornet zombie.

Vanquished Creatures
  A water moccasin skeleton (D:4)
  Terence (D:2)
  5 adders
  3 worms
  A dart slug (D:1)
  2 orcs
  3 endoplasms
  2 giant cockroaches (D:3)
  2 goblins
  3 hobgoblins
  5 jackals
  5 quokkas
  7 ball pythons
  5 bats
  A frilled lizard (D:1)
  10 kobolds
  4 rats (D:2)
60 creatures vanquished.

Vanquished Creatures (others)
  2 fungi (D:1)
  5 toadstools (D:1)
7 creatures vanquished.

Grand Total: 67 creatures vanquished

Notes
Turn   | Place    | Note
-------+----------+-------------------------------------------
     0 | D:1      | Delamore the Octopode Brigand began the quest for the Orb.
     0 | D:1      | Reached XP level 1. HP: 14/14 MP: 1/1
    56 | D:1      | Found Caaqutipsu's Book Shop.
   208 | D:1      | Reached XP level 2. HP: 19/19 MP: 2/2
   970 | D:2      | Reached XP level 3. HP: 24/25 MP: 3/3
  1132 | D:2      | Found a faded altar of an unknown god.
  1571 | D:2      | Reached XP level 4. HP: 8/30 MP: 4/4
  2049 | D:2      | Noticed Terence
  2054 | D:2      | Killed Terence
  2498 | D:3      | Found a runed translucent door.
  2499 | D:3      | Noticed Crazy Yiuf
  2525 | D:3      | Found a sparkling altar of Nemelex Xobeh.
  2544 | D:3      | Found a broken altar of Ashenzari.
  2583 | D:3      | Reached XP level 5. HP: 36/36 MP: 5/5
  2684 | D:3      | Reached skill level 1 in Maces & Flails
  3299 | D:4      | Slain by a hornet zombie

Illustrated notes

Levels and vault maps discovered:
D:1:      evilmike_arrival_hilbert_curve, layout_rooms, serial_shops,
          shop_fountains, minivault_5, nrook_mini_backslash, nrook_campfire,
          minmay_gold_behind_fungi
D:2:      layout_loops_corners, basic_ecumenical_altar,
          minmay_fractal_squares_5, uniq_terence
D:3:      layout_basic, evilmike_ruin_ashenzari,
          mainiacjoe_overflow_six_doors_small, uniq_crazy_yiuf_cottage
D:4:      layout_basic, minmay_temple_entry_proselytizer, uniq_edmund

Skill      XL: |  1  2  3  4  5 |
---------------+----------------+-----
Dodging        | 2 3 |  3.0
Fighting       | 3 |  3.4
Throwing       | 3 |  3.1
Maces & Flails | 2 |  2.0
Short Blades   | |  2.0
Stealth        | |  5.3

Action                   |  1- 3 |  4- 6 || total
-------------------------+-------+-------++-------
Melee: Dagger            |    60 |     5 ||    65
       Constrict         |    13 |    15 ||    28
       Tentacles         |     8 |    11 ||    19
       Whip              |       |    51 ||    51
Throw: Dart              |     3 |     8 ||    11
  Use: Potion            |     1 |     1 ||     2
       Scroll            |       |     3 ||     3
 Stab: Sleeping          |    12 |    13 ||    25
Armor: Skin              |     4 |     1 ||     5
Dodge: Dodged            |    32 |    22 ||    54
